 Dungeon Crawl Stone Soup version 0.22-a0-447-gee5f7238b3 (webtiles) character file.

110 yohadams the Ducker (level 4, 0/40 HPs)
             Began as a Draconian Berserker on June 3, 2018.
             Slain by an iron imp (7 damage)
             ... summoned by Xom
             ... on level 2 of the Dungeon on June 4, 2018.
             The game lasted 00:23:19 (2371 turns).

yohadams the Ducker (Draconian Berserker)           Turns: 2371, Time: 00:23:20

Health: 0/40       AC:  5    Str: 20 (25) XL:     4   Next: 61%
Magic:  4/4        EV: 13    Int:  7      God:    Xom [*.....]
Gold:   123        SH:  0    Dex: 11      Spells: 3/3 levels left

rFire    . . .     SeeInvis .     - Unarmed
rCold    . . .     Gourm    .   (no shield)
rNeg     + . .     Faith    .   (armour unavailable)
rPois    .         Spirit   .   (helmet restricted)
rElec    .         Reflect  .   (no cloak)
rCorr    .         Harm     .   (no gloves)
MR       .....                  (no boots)
Stlth    +.........             (no amulet)
HPRegen  0.13/turn              e - ring of positive energy
MPRegen  0.09/turn              (no ring)

@: mighty
A: unfitting armour, cold-blooded, AC +5
a: Renounce Religion


You were on level 2 of the Dungeon.
You worshipped Xom.
You were a special plaything of Xom.
You were completely stuffed.

You visited 1 branch of the dungeon, and saw 2 of its levels.

You collected 123 gold pieces.

Inventory:

Hand Weapons
 b - a +1 hand axe
 g - a +0 dagger
 h - a +0 dagger
 l - a +0 dagger
 m - a cursed -1 club
 q - a +0 whip
 v - a cursed -1 dagger
Missiles
 f - 52 stones (quivered)
Armour
 i - a +0 robe
 n - a +0 leather armour
 p - a +0 ring mail
 u - a +0 leather armour
Jewellery
 e - a ring of positive energy (left hand)
Scrolls
 c - 3 scrolls of identify
 j - a scroll of enchant weapon
 k - 2 scrolls of magic mapping
Potions
 d - a potion of invisibility
 o - a potion of lignification {unknown}
 r - a potion of might
 s - 2 potions of brilliance {unknown}
 t - a potion of curing {unknown}


   Skills:
 + Level 3.9 Fighting
 + Level 4.2 Dodging
 + Level 3.6 Unarmed Combat


You had 3 spell levels left.
You didn't know any spells.
Your spell library was empty.

Dungeon Overview and Level Annotations

Branches:
Dungeon (2/15)

Altars:
Fedhas
Xom


Innate Abilities, Weirdness & Mutations

Your plain brown scales are hard. (AC +5)
You cannot fit into any form of body armour.
You are cold-blooded and may be slowed by cold attacks.


Message History

The stone hits the iron imp but does no damage.
The iron imp barely misses you.
Throwing (i - inventory)
f - 54 stones (quivered)
Press: ? - help, Shift-Dir - straight line, f/p - crimson imp
Aim: a crimson imp (summoned)
You throw a stone. The stone hits the iron imp.
The iron imp is lightly wounded.
The iron imp barely misses you.
Throwing (i - inventory)
f - 53 stones (quivered)
Press: ? - help, Shift-Dir - straight line, f/p - crimson imp
Aim: a crimson imp (summoned)
You throw a stone. The stone hits the iron imp.
The iron imp is lightly wounded.
The iron imp misses you.
You feel very mighty all of a sudden.
You punch the iron imp!
Your tail-slap misses the iron imp.
The iron imp is almost dead.
The iron imp hits you!
You die... "It was about time."

###.## ####.#.###.# ##.....## #.#
#.#.# #.......# #<# #.#.###.#
##.##.##.# ##'## #.......#
#.....##.# ##.††## ###.#####
#..#####.# #.....## #.#
#..#####.# .......## ##.##
#........#
........####...#########.#...####
........'....(55@...............'
........####...#########.....####
..^....## ##....# #.##..# #
#.....## #....# #.###.# ##...##
##...# #...#)# ##'## ##.##
#.#.#.#### #.# #§# #.#....... #.#
#.# #.#.#.#### ##.##### #.#
#.....#


You could see an iron imp and a crimson imp.

Vanquished Creatures
  4 adders (D:2)
  An ooze (D:2)
  2 worms (D:2)
  3 dart slugs
  3 leopard geckos
  6 bats
  2 giant cockroaches
  12 goblins
  6 hobgoblins
  3 frilled lizards
  5 kobolds
  8 rats
55 creatures vanquished.

Notes
Turn   | Place    | Note
-------+----------+-------------------------------------------
     0 | D:1      | yohadams the Draconian Berserker began the quest for the Orb.
     0 | D:1      | Reached XP level 1. HP: 19/19 MP: 1/1
   316 | D:1      | Reached XP level 2. HP: 22/26 MP: 2/2
   408 | D:1      | Reached skill level 3 in Dodging
   905 | D:1      | Reached XP level 3. HP: 29/31 MP: 3/3
  1122 | D:2      | Reached ** piety under Trog
  1156 | D:2      | Found a faded altar of an unknown god.
  1170 | D:2      | Found a blossoming altar of Fedhas.
  1463 | D:2      | Reached skill level 4 in Dodging
  1621 | D:2      | Reached XP level 4. HP: 39/39 MP: 4/4
  1727 | D:2      | Fell from the grace of Trog
  1727 | D:2      | Became a worshipper of Xom of Chaos
  1889 | D:2      | XOM: potion effect (might)
  2148 | D:2      | XOM: summons 2 hostile demons
  2314 | D:2      | XOM: stat loss: -1 Str (15/20)
  2329 | D:2      | XOM: summons 2 hostile demons
  2371 | D:2      | Slain by an iron imp

Vault maps used:
D:1:      minmay_arrival_plants_in_alcoves, minmay_tree_intersection
D:2:      fedhas_altar_2, first_ration, chequers_ecumenical_altar_simple_redux,
          minmay_box_of_dots

Skill      XL: |  1  2  3 |
---------------+----------+-----
Dodging        | 3 4 |  4.2
Fighting       | |  3.9
Unarmed Combat | |  3.6

Action                   |  1- 3 |  4- 6 || total
-------------------------+-------+-------++-------
Melee: Unarmed           |   151 |    63 ||   214
       Tailslap          |    20 |     2 ||    22
       Punch             |     2 |       ||     2
Throw: Stone             |    16 |    20 ||    36
Invok: Berserk           |     1 |     1 ||     2
       Trog's Hand       |       |     1 ||     1
  Use: Scroll            |     6 |     1 ||     7
       Potion            |     1 |     1 ||     2
  Eat: Ration            |     3 |     2 ||     5
Armor: Skin              |    56 |    15 ||    71
Dodge: Dodged            |   146 |    60 ||   206

Table legend:
 A = Spawn XP
 B = Non-spawn XP
 C = Spawn XP percentage of total XP
 D = Spawn monster count
 E = Non-spawn monster count
 F = Spawn count percentage of total count
 G = Total turns spent on level
                    A         B        C        D         E        F      G
               +---------+---------+-------+---------+---------+-------+---------
         Total |       0 |     158 |   0.0 |       0 |      55 |   0.0 |  2371
               +---------+---------+-------+---------+---------+-------+---------
           D:1 |       0 |      46 |   0.0 |       0 |      26 |   0.0 |  1072
           D:2 |       0 |     112 |   0.0 |       0 |      29 |   0.0 |  1299
               +---------+---------+-------+---------+---------+-------+---------
